 Dungeon Crawl Stone Soup version 0.14-a0-3295-g3fd807f (webtiles) character file.

4341 Ololoev the Conjurer (level 10, -2/50 HPs)
             Began as a Deep Elf Conjurer on Mar 14, 2014.
             Was a Believer of Vehumet.
             Slain by an orc warrior
             ... wielding a +0,+0 mace
              (18 damage)
             ... on Level 8 of the Dungeon.
             The game lasted 00:51:29 (7600 turns).

Ololoev the Conjurer (Deep Elf Conjurer)            Turns: 7600, Time: 00:51:31

HP  -2/50        AC  7     Str  8      XL: 10   Next:  2%
MP  16/31        EV 13     Int 21      God: Vehumet [**....]
Gold 381         SH  0     Dex 15      Spells:  6 memorised, 11 levels left

rFire  + . .     SeeInvis .     H - staff of air (curse)
rCold  + . .     Clarity  .     l - +2 robe {rC+ rF+} (curse)
rNeg   . . .     Conserve .     (no shield)
rPois  +         rCorr    .     (no helmet)
rElec  +         rRot     .     B - +2 cloak {rPois}
SustAb + .       Spirit   .     (no gloves)
rMut   .         Warding  .     (no boots)
Saprov . . .     Stasis   .     (no amulet)
MR     ++...                    h - cursed ring of protection from magic
                                m - cursed ring of sustain abilities

@: very resistant to hostile enchantments, fairly stealthy
A: no striking features
a: Renounce Religion


You were on level 8 of the Dungeon.
You worshipped Vehumet.
Vehumet was pleased with you.
You were very hungry.

You visited 2 branches of the dungeon, and saw 9 of its levels.
You also visited: Ossuary.

You collected 381 gold pieces.

Inventory:

Armour
 l - a cursed +2 robe of resistance (worn)
 B - a +2 cloak of poison resistance (worn)
Magical devices
 e - a wand of cold (1) {unknown}
 v - a wand of hasting (2)
 A - a wand of hasting (1)
Comestibles
 b - 7 bread rations
 g - 2 meat rations
Scrolls
 a - a scroll of immolation
 k - 2 scrolls of enchant weapon II
 n - 4 scrolls of teleportation
 p - 2 scrolls of fog
 w - a scroll of amnesia
 y - a scroll of enchant weapon III
 z - 2 scrolls of magic mapping {unknown}
 J - 3 scrolls of remove curse
 K - a scroll of summoning {unknown}
Jewellery
 h - a cursed ring of protection from magic (right hand)
 m - a cursed ring of sustain abilities (left hand)
 t - a cursed +1 ring of strength {unknown}
 x - a cursed ring of invisibility {unknown}
 G - a cursed amulet of guardian spirit {unknown}
Potions
 d - 4 potions of heal wounds
 f - 3 potions of flight {unknown}
 i - a potion of poison {unknown}
 o - 2 potions of might
 q - 4 potions of brilliance {unknown}
 r - 5 potions of curing
 s - a potion of magic {unknown}
 u - a potion of degeneration {unknown}
 C - 2 potions of haste {unknown}
 D - a potion of beneficial mutation {unknown}
 E - a potion of resistance {unknown}
 F - a potion of confusion {unknown}
 I - a potion of restore abilities {unknown}
Books
 c - a book of Conjurations

   Spells                             Type                      Level
   *Magic Dart                        Conjuration                  1
   *Searing Ray                       Conjuration                  2
   Dazzling Spray                     Conjuration/Hexes            3
   *Fulminant Prism                   Conjuration/Hexes            4
   *Iskenderun's Mystic Blast         Conjuration                  4
   *Iskenderun's Battlesphere         Conjuration/Charms           5
 j - a book of the Earth

   Spells                             Type                      Level
   Leda's Liquefaction                Hexes/Earth                  4
   Bolt of Magma                      Conjuration/Fire/Earth       5
   Statue Form                        Transmutation/Earth          6
   Iron Shot                          Conjuration/Earth            6
   Shatter                            Earth                        9
Magical staves
 H - a cursed staff of air (weapon)


   Skills:
 - Level 2.4 Dodging
 - Level 2.4 Stealth
 - Level 10.1 Spellcasting
 - Level 12.4 Conjurations
 - Level 7.0 Charms
 + Level 2.6 Fire Magic


You had 11 spell levels left.
You knew the following spells:

 Your Spells              Type           Power        Failure   Level  Hunger
a - Magic Dart            Conj           ####         1%          1    None
b - Searing Ray           Conj           ######       1%          2    None
c - Iskenderun's Mystic   Conj           ######..     1%          4    ##.....
d - Iskenderun's Battles  Conj/Chrm      ######..     3%          5    ####...
e - Fulminant Prism       Conj/Hex       #####.....   6%          4    ##.....
f - Throw Flame           Conj/Fire      #####.       1%          2    None


Dungeon Overview and Level Annotations

Branches:
Dungeon (8/15)             Temple (1/1) D:7
   Lair: D:8-11

Altars:
Ashenzari
Cheibriados
Elyvilon
Fedhas
Kikubaaqudgha
Makhleb
Nemelex Xobeh
Okawaru
Sif Muna
Trog
Vehumet
Xom
Yredelemnul
The Shining One


Message History

The blast of energy engulfs the orc.
You kill the orc!
Vehumet accepts your kill.
Casting: Searing Ray
Confirm with . or Enter, or press ? or * to list all spells.
You conjure a globe of magical energy.
The orc warrior hits you with a mace!
* * * LOW HITPOINT WARNING * * *
Casting: Iskenderun's Battlesphere
Confirm with . or Enter, or press ? or * to list all spells.
Aiming: Iskenderun's Mystic Blast
Press: ? - help, Shift-Dir - straight line, f - orc warrior
Aim: an orc warrior, wielding a mace and wearing a plate armour (lightly wounded)
The orb of energy misses the orc warrior.
The orb of energy explodes!
You are feeling very hungry.
Your battlesphere fires!
The barrage of energy hits the orc warrior.
The orc warrior is heavily wounded.
The orc warrior hits you with a mace!
You die...

#..........%#
###
#......)....#
#
#...........#
#
#...........#
#
#.......(...#
##########.##
#####....#
###.*>..####
# #@o.##### #
#)### #
#..ยง<.......
# #...).o....
# #..........
# #.....[....
# #.........
# ######### #


You could see an orc warrior.

Vanquished Creatures
  A two-headed ogre (D:8)
  Menkaure (D:4)
  An ice beast (D:7)
  2 sky beasts
  2 orc warriors (D:7)
  A phantom (D:7)
  4 ogres
  Sigmund (D:4)
  Duvessa (D:4)
  Blork the orc (D:5)
  2 elf skeletons (D:8)
  5 giant frogs
  3 scorpions
  6 killer bees (D:7)
  2 giant frog zombies (Ossuary)
  Dowan (D:4)
  8 bog bodies (Ossuary)
  2 crimson imps
  2 goliath beetles
  Crazy Yiuf (D:6)
  6 orc priests
  4 worker ants
  5 hounds
  Natasha (twice) (D:6)
  3 human skeletons (D:8)
  2 iguanas
  6 orc wizards
  A killer bee zombie (D:6)
  An ogre zombie (Ossuary)
  Ijyb (D:3)
  A hound zombie (Ossuary)
  7 mummies (Ossuary)
  A scorpion zombie (Ossuary)
  A shadow imp (D:6)
  5 adders
  3 worms
  A goliath beetle zombie (Ossuary)
  2 adder zombies
  5 giant geckos
  34 orcs
  8 giant cockroaches
  9 goblins
  11 hobgoblins
  7 jackals
  9 kobolds
  A quokka (D:7)
  10 bats
  A giant cockroach zombie (Ossuary)
  A giant gecko skeleton (D:5)
  3 giant gecko zombies (Ossuary)
  4 giant newts
  A giant newt zombie (Ossuary)
  A goblin zombie (Ossuary)
  A hobgoblin skeleton (D:8)
  A kobold zombie (Ossuary)
  4 orc zombies
  A quokka zombie (Ossuary)
  14 rats
  A rat zombie (Ossuary)
226 creatures vanquished.

Vanquished Creatures (others)
  A fulminant prism (D:8)
  A plant (Ossuary)
2 creatures vanquished.

Grand Total: 228 creatures vanquished

Notes
Turn   | Place    | Note
--------------------------------------------------------------
     0 | D:1      | Ololoev, the Deep Elf Conjurer, began the quest for the Orb.
     0 | D:1      | Reached XP level 1. HP: 10/10 MP: 5/5
   212 | D:1      | Reached XP level 2. HP: 15/15 MP: 3/9
   411 | D:1      | Learned a level 2 spell: Searing Ray
   679 | D:1      | Reached XP level 3. HP: 19/19 MP: 9/13
   897 | D:2      | Reached skill level 5 in Spellcasting
   908 | D:2      | Found a glowing golden altar of the Shining One.
   910 | D:2      | Found a burning altar of Makhleb.
   910 | D:2      | Found a shattered altar of Ashenzari.
  1421 | D:3      | Reached skill level 5 in Conjurations
  1421 | D:3      | Reached XP level 4. HP: 24/24 MP: 4/17
  1546 | D:3      | Found an iron altar of Okawaru.
  1726 | D:3      | Noticed an ogre
  1735 | D:3      | Killed an ogre
  1735 | D:3      | Reached skill level 6 in Conjurations
  1735 | D:3      | Reached XP level 5. HP: 16/28 MP: 10/19
  2113 | D:3      | Noticed Ijyb
  2128 | D:3      | Killed Ijyb
  2249 | D:4      | Reached skill level 7 in Conjurations
  2324 | D:4      | Noticed Sigmund
  2339 | D:4      | Killed Sigmund
  2339 | D:4      | Reached XP level 6. HP: 28/32 MP: 13/21
  2390 | D:4      | Found a sparkling altar of Nemelex Xobeh.
  2523 | D:5      | Entered Level 5 of the Dungeon
  2523 | D:5      | Noticed Blork the orc
  2826 | D:4      | Noticed Duvessa
  2827 | D:4      | Noticed Dowan
  2841 | D:4      | Killed Duvessa
  2841 | D:4      | Reached skill level 8 in Conjurations
  2970 | D:4      | Reached XP level 7. HP: 18/36 MP: 13/22
  3162 | D:4      | Found a blossoming altar of Fedhas.
  3186 | D:4      | Killed Dowan
  3260 | D:4      | Learned a level 4 spell: Iskenderun's Mystic Blast
  3266 | D:4      | Learned a level 5 spell: Iskenderun's Battlesphere
  3303 | D:4      | Noticed Menkaure
  3310 | D:4      | Killed Menkaure
  3310 | D:4      | Reached skill level 9 in Conjurations
  3818 | D:5      | Killed Blork the orc
  3994 | D:5      | Reached skill level 5 in Charms
  4603 | D:6      | Reached XP level 8. HP: 37/41 MP: 9/24
  4737 | D:6      | Found a shattered altar of Ashenzari.
  5133 | D:6      | Noticed Natasha
  5139 | D:6      | Killed Natasha
  5183 | D:6      | Noticed Crazy Yiuf
  5191 | D:6      | Killed Crazy Yiuf
  5269 | D:6      | Noticed Natasha
  5272 | D:6      | Killed Natasha
  5587 | D:7      | Reached skill level 10 in Spellcasting
  5604 | D:7      | Reached XP level 9. HP: 37/45 MP: 10/30
  5920 | D:7      | Reached skill level 10 in Conjurations
  6009 | D:7      | Found a staircase to the Ecumenical Temple.
  6016 | Temple   | Entered the Ecumenical Temple
  6048 | Temple   | Became a worshipper of Vehumet
  6361 | D:7      | Learned a level 4 spell: Fulminant Prism
  6419 | D:7      | Reached skill level 11 in Conjurations
  6757 | D:8      | Found a sand-covered staircase.
  6814 | Ossuary  | Entered an ossuary
  6911 | Ossuary  | Acquired Vehumet's first power
  6911 | Ossuary  | Offered knowledge of Shock by Vehumet.
  6921 | Ossuary  | Reached skill level 12 in Conjurations
  7333 | Ossuary  | Offered knowledge of Throw Flame by Vehumet.
  7344 | Ossuary  | Learned a level 2 spell: Throw Flame
  7527 | D:8      | Reached skill level 1 in Fire Magic
  7577 | D:8      | Reached XP level 10. HP: 33/50 MP: 25/31
  7600 | D:8      | Slain by an orc warrior

Action                   |  1- 3 |  4- 6 |  7- 9 | 10-12 || total
-------------------------+-------+-------+-------+-------++-------
Melee: Short sword       |     1 |       |       |       ||     1
       Staff             |       |       |     1 |       ||     1
 Cast: Magic Dart        |    61 |    57 |   172 |       ||   290
       Searing Ray       |     6 |    16 |    45 |     1 ||    68
       Iskenderun's Batt |       |       |    40 |     1 ||    41
       Iskenderun's Myst |       |       |    21 |     1 ||    22
       Fulminant Prism   |       |       |       |     1 ||     1
  Use: Scroll            |       |    12 |    11 |       ||    23
       Potion            |       |     4 |       |       ||     4
